 Dungeon Crawl Stone Soup version 0.19.5 (webtiles) character file.

2135 Trixie the Covert (level 9, -4/39 HPs)
             Began as a Spriggan Enchanter on Mar 15, 2017.
             Slain by a killer bee (6 damage)
             ... on level 9 of the Dungeon.
             The game lasted 00:20:26 (9135 turns).

Trixie the Covert (Spriggan Enchanter)              Turns: 9135, Time: 00:20:27

Health: -4/39      AC:  3    Str:  5    XL:     9   Next: 9%
Magic:  1/22       EV: 18    Int: 18    God:
Gold:   497        SH:  0    Dex: 17    Spells: 3 memorised, 18 levels left

rFire  . . .     SeeInvis +     a - +1 dagger
rCold  . . .     Gourm    .     b - +1 robe
rNeg   . . .     Faith    .     (shield restricted)
rPois  .         Spirit   .     (helmet restricted)
rElec  .         Reflect  .     (no cloak)
rCorr  .         Harm     .     (gloves unavailable)
MR     +....                    (boots unavailable)
Stlth  +++++.....               n - amulet of magic regeneration
                                (no ring)
                                (no ring)

@: lethally poisoned (-4 -> -10), very quick
A: unfitting armour, see invisible, herbivore 3, speed 3, slow metabolism 2
a: no special abilities


You were on level 9 of the Dungeon.
You were hungry.

You visited 2 branches of the dungeon, and saw 10 of its levels.

You collected 497 gold pieces.

Inventory:

Hand Weapons
 a - a +1 dagger (weapon)
Armour
 b - a +1 robe (worn)
Jewellery
 k - an uncursed ring of flight
 n - an amulet of magic regeneration (around neck)
Wands
 C - a wand of polymorph (2/24)
Scrolls
 g - 12 scrolls of identify
 h - a scroll of enchant weapon {unknown}
 j - 7 scrolls of teleportation {unknown}
 l - a scroll of noise {unknown}
 o - a scroll of remove curse {unknown}
 p - 2 scrolls of amnesia {unknown}
 q - 4 scrolls of recharging {unknown}
 r - 2 scrolls of fog {unknown}
 s - 4 scrolls of immolation {unknown}
 t - a scroll of random uselessness {unknown}
 v - 2 scrolls of magic mapping {unknown}
 z - 3 scrolls of enchant armour {unknown}
 B - a scroll of blinking {unknown}
 D - a scroll of acquirement {unknown}
Potions
 f - a potion of flight
 i - a potion of berserk rage {unknown}
 m - a potion of mutation
 u - a potion of haste
 x - 2 potions of curing {unknown}
 A - a potion of might {unknown}
Books
 c - a book of Maledictions

   Spells                             Type                      Level
   a - Corona                         Hexes                        1
   b - Ensorcelled Hibernation        Hexes/Ice                    2
   c - Confuse                        Hexes                        3
   d - Tukima's Dance                 Hexes                        3
   e - Dazzling Spray                 Conjuration/Hexes            3
 w - a book of Misfortune

   Spells                             Type                      Level
   a - Confusing Touch                Hexes                        1
   b - Confuse                        Hexes                        3
   c - Gell's Gravitas                Hexes/Translocation          3
   d - Petrify                        Transmutation/Earth          4
   e - Metabolic Englaciation         Hexes/Ice                    5
   f - Yara's Violent Unravelling     Hexes/Transmutation          5
 y - a book of Callings

   Spells                             Type                      Level
   a - Summon Small Mammal            Summoning                    1
   b - Call Imp                       Summoning                    2
   c - Call Canine Familiar           Summoning                    3
   d - Summon Guardian Golem          Hexes/Summoning              3
   e - Summon Lightning Spire         Summoning/Air                4
   f - Summon Ice Beast               Ice/Summoning                4
Comestibles
 d - 3 bread rations


   Skills:
 - Level 4.7 Short Blades
 - Level 3.0 Dodging
 - Level 12.1 Stealth
 + Level 8.2 Spellcasting
 - Level 3.6 Hexes
 - Level 4.1 Ice Magic


You had 18 spell levels left.
You knew the following spells:

 Your Spells              Type           Power        Failure   Level  Hunger
a - Corona                Hex            ###....      1%          1    None
b - Ensorcelled Hibernat  Hex/Ice        ###...       3%          2    None
c - Confuse               Hex            ###.....     10%         3    #......


Dungeon Overview and Level Annotations

Branches:
Dungeon (9/15)             Temple (1/1) D:7
   Lair: D:8-11         Orc: D:9-12

Altars:
Ashenzari
Cheibriados
Dithmenos
Elyvilon
Fedhas
Gozag
Hepliaklqana
Makhleb
Nemelex Xobeh
Okawaru
Qazlal
Ru
Sif Muna
Trog
Uskayaw
Xom
Yredelemnul
Zin
The Shining One

Shops:
D:4 }

Annotations:
D:3 Blork the orc
D:8 Erica; MirrMurr's ghost, novice TrMo


Innate Abilities, Weirdness & Mutations

You are very small and have problems with some larger weapons.
You are too small for most types of armour.
You have supernaturally acute eyesight. (SInv)
You are a herbivore.
You cover ground extremely quickly.
You need consume almost no food.


Message History

Aim: a crimson imp (chance to defeat MR: 33%)
The killer bee resists with significant effort.
The killer bee barely misses you.
The crimson imp blinks!
The killer bee stings you but does no damage.
Casting: Ensorcelled Hibernation
Confirm with . or Enter, or press ? or * to list all spells.
Aiming: Ensorcelled Hibernation
Press: ? - help, Shift-Dir - straight line, f/p - crimson imp
Aim: a crimson imp (chance to defeat MR: 33%)
The crimson imp easily resists.
You feel sick. The killer bee stings you.
* * * LOW HITPOINT WARNING * * *
The crimson imp closely misses you. The killer bee stings you.
* * * LOW HITPOINT WARNING * * *
It was a potion of cure mutation.
It has a very clean taste.
You feel weaker.
Your hooves expand and flesh out into feet!
You feel clumsy.
* * * LOW HITPOINT WARNING * * *
You feel sick. The killer bee stings you.
You die...

#####'####
#.....# #.###.#
#.#...# #.#.#.#
..#...# ###'###
#.5# ##@# #y#
#†# ######'###
####........#
#..'........#
..'..##........#
..## #........#
#........#


You could see a killer bee and a crimson imp.

Vanquished Creatures
  A water moccasin (D:8)
  An ice beast (D:9)
  3 ogres
  A necrophage (D:9)
  3 centaurs
  2 bullfrogs
  10 killer bees
  3 howler monkeys
  A crimson imp (D:5)
  A jelly (D:9)
  2 orc priests
  2 hounds
  An iguana (D:5)
  4 worker ants
  A hound skeleton (D:6)
  A worker ant zombie (D:6)
  14 adders
  7 gnolls
  2 shadow imps
  An ooze (D:3)
  An adder skeleton (D:7)
  A worm (D:4)
  4 dart slugs
  6 leopard geckos
  9 orcs
  A ball python (D:3)
  10 bats
  9 giant cockroaches
  9 goblins
  8 hobgoblins
  10 jackals
  6 quokkas
  5 frilled lizards
  5 kobolds
  9 rats
154 creatures vanquished.

Notes
Turn   | Place    | Note
-------+----------+-------------------------------------------
     0 | D:1      | Trixie the Spriggan Enchanter began the quest for the Orb.
     0 | D:1      | Reached XP level 1. HP: 9/9 MP: 5/5
   127 | D:1      | Reached skill level 5 in Stealth
   376 | D:1      | Reached XP level 2. HP: 13/13 MP: 6/6
   629 | D:1      | Reached skill level 6 in Stealth
   861 | D:1      | Reached XP level 3. HP: 16/16 MP: 8/8
  1603 | D:2      | Learned a level 2 spell: Ensorcelled Hibernation
  1633 | D:2      | Found a blossoming altar of Fedhas.
  1716 | D:2      | Reached XP level 4. HP: 12/21 MP: 0/9
  2407 | D:2      | Reached skill level 7 in Stealth
  3279 | D:2      | Reached XP level 5. HP: 24/24 MP: 10/10
  4169 | D:3      | Noticed Blork the orc
  4176 | D:3      | Found a deep blue altar of Sif Muna.
  4989 | D:4      | Reached XP level 6. HP: 28/28 MP: 11/11
  5049 | D:5      | Entered Level 5 of the Dungeon
  5388 | D:4      | Found Kyump's Gadget Shoppe.
  5772 | D:5      | Gained mutation: You have large cloven feet. [potion of mutation]
  5772 | D:5      | Gained mutation: You are agile. (Dex +2) [potion of mutation]
  5772 | D:5      | Gained mutation: Your muscles are strong. (Str +2) [potion of mutation]
  5879 | D:5      | Reached skill level 5 in Spellcasting
  5887 | D:5      | Reached XP level 7. HP: 27/32 MP: 7/17
  5943 | D:5      | Reached skill level 1 in Ice Magic
  6190 | D:5      | You fall through a shaft for 3 floors!
  6195 | D:8      | Noticed MirrMurr's ghost (novice TrMo)
  6210 | D:8      | Found a bloodstained altar of Trog.
  6216 | D:8      | Noticed Erica
  6400 | D:6      | Found a sacrificial altar of Ru.
  6401 | D:6      | Found a hazy altar of Hepliaklqana.
  6411 | D:6      | Found a shattered altar of Ashenzari.
  6662 | D:6      | Reached XP level 8. HP: 36/36 MP: 18/18
  6667 | D:6      | Learned a level 3 spell: Confuse
  6747 | D:6      | Reached skill level 8 in Stealth
  6878 | D:6      | Reached skill level 9 in Stealth
  7571 | D:7      | Found a sparkling altar of Nemelex Xobeh.
  7576 | D:7      | Reached skill level 10 in Stealth
  7691 | D:7      | Found a staircase to the Ecumenical Temple.
  7703 | Temple   | Entered the Ecumenical Temple
  7867 | D:7      | Reached skill level 11 in Stealth
  8350 | D:7      | Found a glowing silver altar of Zin.
  8510 | D:9      | Reached skill level 12 in Stealth
  9089 | D:9      | Reached XP level 9. HP: 29/39 MP: 15/21
  9135 | D:9      | Lost mutation: Your muscles are strong. (Str +2) [potion of cure mutation]
  9135 | D:9      | Lost mutation: You have large cloven feet. [potion of cure mutation]
  9135 | D:9      | Lost mutation: You are agile. (Dex +2) [potion of cure mutation]
  9135 | D:9      | Slain by a killer bee

Skill      XL: |  1  2  3  4  5  6  7  8  9 |
---------------+----------------------------+-----
Stealth        | 5 6 7 12 | 12.1
Short Blades   | 2 3 4 |  4.7
Spellcasting   | 6 7 8 |  8.2
Ice Magic      | 4 |  4.1
Dodging        | |  3.0
Hexes          | |  3.6

Action                   |  1- 3 |  4- 6 |  7- 9 || total
-------------------------+-------+-------+-------++-------
Melee: Dagger            |   170 |   231 |   143 ||   544
       Kick              |       |       |    32 ||    32
 Cast: Ensorcelled Hiber |     2 |    30 |    60 ||    92
       Confuse           |       |       |     6 ||     6
  Use: Scroll            |     1 |     1 |       ||     2
       Potion            |       |     5 |     2 ||     7
 Stab: Sleeping          |    10 |    35 |    42 ||    87
       Distracted        |       |     1 |     1 ||     2
       Confused          |       |       |     1 ||     1
  Eat: Pizza             |       |     1 |       ||     1
       Bread ration      |       |     1 |       ||     1
Armor: Robe              |    17 |    35 |     9 ||    61
Dodge: Dodged            |   121 |   161 |   114 ||   396
